 Dungeon Crawl Stone Soup version 0.28.0 (webtiles) character file.

Game seed: 794499702020565821

1313 boopmooplesden the Cleaver (level 8, -5/74 HPs)
             Began as a Minotaur Fighter on Feb 18, 2022.
             Slain by an ogre (8 damage)
             ... on level 6 of the Dungeon.
             The game lasted 00:06:55 (4698 turns).

boopmooplesden the Cleaver (Minotaur Fighter)       Turns: 4698, Time: 00:06:56

Health: -5/74      AC: 14    Str: 22    XL:     8   Next: 32%
Magic:  7/7        EV:  6    Int:  5    God:
Gold:   283        SH:  5    Dex: 11    Spells: 7/7 levels left

rFire   . . .      SeeInvis .   a - +1 war axe
rCold   . . .      Faith    .   c - +0 buckler
rNeg    . . .      Spirit   .   j - +0 plate armour
rPois   .          Reflect  .   (helmet restricted)
rElec   .          Harm     .   (no cloak)
rCorr   .          Rampage  .   i - +0 pair of gloves
Will    .....                   (no boots)
Stlth   ..........              (no amulet)
HPRegen 0.22/turn               (no ring)
MPRegen 0.10/turn               (no ring)

@: studying Fighting
A: horns 2, retaliatory headbutt
a: no special abilities


You were on level 6 of the Dungeon.
You visited 2 branches of the dungeon, and saw 7 of its levels.

You collected 283 gold pieces.

Inventory:

Hand Weapons
 a - a +1 war axe (weapon)
Missiles
 d - a throwing net (quivered)
 q - 14 sling bullets
Armour
 b - a +0 scale mail
 c - a +0 buckler (worn)
 i - a +0 pair of gloves (worn)
 j - a +0 plate armour (worn)
Jewellery
 m - a ring of flight
 o - an amulet of regeneration
Wands
 p - a wand of iceblast (10)
Scrolls
 e - a scroll of identify
 r - a scroll of fog {unknown}
Potions
 f - a potion of curing
 g - 2 potions of magic {unknown}
 h - 2 potions of attraction
 k - a potion of berserk rage {unknown}
 l - a potion of degeneration {unknown}
 n - 2 potions of cancellation {unknown}
 s - a potion of heal wounds {unknown}


   Skills:
 + Level 7.9 Fighting
 + Level 9.1 Axes
 + Level 6.3 Armour
 + Level 1.0 Dodging
 + Level 0.3 Stealth
 + Level 5.0 Shields


You had 7 spell levels left.
You didn't know any spells.
Your spell library was empty.

Dungeon Overview and Level Annotations

Branches:
Dungeon (6/15)             Temple (1/1) D:4

Altars:
Ashenzari
Cheibriados
Dithmenos
Elyvilon
Fedhas
Gozag
Hepliaklqana
Kikubaaqudgha
Makhleb
Qazlal
Ru
Sif Muna
Trog
Uskayaw
Wu Jian
Yredelemnul
Zin
The Shining One

Shops:
D:6 *

Annotations:
D:5 1 runed translucent door, meepyknight's ghost, amateur DsIE


Innate Abilities, Weirdness & Mutations

You have a pair of horns on your head.
You reflexively headbutt those who attack you in melee.


Message History

You hit the jelly.
You kill the jelly!
s - a golden potion An iguana comes into view.
You are no longer corroded.
The iguana bites you.
You slash the iguana!
The iguana is heavily wounded.
The iguana bites you but does no damage.
The iguana bites you!
You closely miss the iguana.
You headbutt the iguana, but do no damage.
The iguana is heavily wounded.
The iguana bites you.
You closely miss the iguana. Your headbutt misses the iguana.
The iguana is heavily wounded.
The iguana bites you.
You hit the iguana.
The iguana is almost dead.
You block the iguana's attack.
You completely miss the iguana.
The iguana is almost dead.
The iguana bites you.
You hit the iguana.
You kill the iguana!
You barely miss the ogre.
The ogre hits you with a +0 giant spiked club!
You hit the ogre. Your headbutt misses the ogre.
The ogre is lightly wounded.
The ogre closely misses you.
You slash the ogre!
The ogre is moderately wounded.
The ogre hits you with a +0 giant spiked club!!
* * * LOW HITPOINT WARNING * * *
You hit the ogre but do no damage.
The ogre is moderately wounded.
You hit the ogre but do no damage.
The ogre is moderately wounded.
The ogre hits you with a +0 giant spiked club!
You die...

....###.......≈._.≈..#
....##......≈≈...≈≈.#
#..#......#≈.....≈..
..(.### #.##.....#≈.⌠.⌠.≈..
.......##.........≈..∩..≈..
..................≈.⌠.⌠.≈##
................≈.....≈##
..............#≈≈≈≈≈≈≈##
#....O@......####..###
#............# #...
##..<..[......# #...
#..............# #....
#...#...........## ..#.
##..........# ...
##..###..##. .. #.## #....
. ... ....


You could see an ogre.

Vanquished Creatures
  Eustachio (D:4)
  An ice beast (D:5)
  A black bear (D:6)
  A necrophage (D:5)
  2 ogres (D:5)
  2 scorpions
  A wyvern skeleton (D:5)
  An orc priest (D:5)
  A jelly (D:6)
  4 iguanas
  4 orc wizards
  5 gnolls
  11 adders
  A shadow imp (D:5)
  2 ufetubi
  A dart slug (D:1)
  11 orcs
  8 endoplasms
  2 giant cockroaches
  10 goblins
  5 hobgoblins
  2 jackals (D:5)
  5 quokkas
  6 ball pythons
  4 bats
  6 frilled lizards
  9 kobolds
  9 rats
116 creatures vanquished.

Vanquished Creatures (others)
  An orc wizard (D:3)
  A plant (Temple)
2 creatures vanquished.

Grand Total: 118 creatures vanquished

Notes
Turn   | Place    | Note
-------+----------+-------------------------------------------
     0 | D:1      | boopmooplesden the Minotaur Fighter began the quest for the
                  | Orb.
     0 | D:1      | Reached XP level 1. HP: 19/19 MP: 0/0
   324 | D:1      | Reached XP level 2. HP: 26/27 MP: 1/1
   631 | D:1      | Reached XP level 3. HP: 29/33 MP: 2/2
  1185 | D:2      | Reached skill level 3 in Axes
  1390 | D:2      | Reached XP level 4. HP: 41/41 MP: 3/3
  1596 | D:2      | Found a faded altar of an unknown god.
  1720 | D:2      | Reached skill level 4 in Axes
  1835 | D:2      | Identified a scroll of acquirement
  1835 | D:2      | Acquired a manual of Fighting
  1927 | D:3      | Reached XP level 5. HP: 41/47 MP: 4/4
  2148 | D:3      | Reached skill level 5 in Fighting
  2148 | D:3      | Reached skill level 5 in Axes
  2551 | D:4      | Noticed Eustachio
  2595 | D:4      | Killed Eustachio
  2596 | D:4      | Reached skill level 6 in Axes
  2596 | D:4      | Reached XP level 6. HP: 37/57 MP: 5/5
  2810 | D:4      | Reached skill level 5 in Armour
  2893 | D:4      | Found a staircase to the Ecumenical Temple.
  2899 | Temple   | Entered the Ecumenical Temple
  3187 | D:4      | Reached XP level 7. HP: 64/64 MP: 6/6
  3261 | D:4      | Found a broken altar of Ashenzari.
  3525 | D:5      | Entered Level 5 of the Dungeon
  3565 | D:6      | Reached skill level 7 in Axes
  4103 | D:5      | Found an ancient bone altar of Kikubaaqudgha.
  4160 | D:5      | Reached skill level 8 in Axes
  4174 | D:5      | Reached XP level 8. HP: 51/73 MP: 7/7
  4275 | D:5      | Reached skill level 1 in Dodging
  4314 | D:5      | Found a runed translucent door.
  4349 | D:5      | Found a burning altar of Makhleb.
  4358 | D:5      | Found a snail-covered altar of Cheibriados.
  4359 | D:5      | Found an ornate altar of the Wu Jian Council.
  4360 | D:5      | Found a glowing golden altar of the Shining One.
  4363 | D:5      | Found a bloodstained altar of Trog.
  4378 | D:5      | Found a shadowy altar of Dithmenos.
  4399 | D:5      | Reached skill level 5 in Shields
  4556 | D:5      | Noticed meepyknight's ghost (amateur DsIE)
  4597 | D:5      | Reached skill level 9 in Axes
  4640 | D:6      | Found Gozag's Platinum Reserve.
  4640 | D:6      | Found an opulent altar of Gozag.
  4696 | D:6      | HP: 3/74 [ogre (27)]
  4698 | D:6      | Slain by an ogre

Illustrated notes

Levels and vault maps discovered:
D:1:      dpeg_arrival_pits, layout_basic
D:2:      minmay_thinvault, layout_basic, dilly_ecumenical_altar_fadedgnrine
D:3:      layout_rooms
D:4:      layout_basic, mainiacjoe_overflow_boulevard,
          minmay_temple_entry_wispy, kennysheep_nub, uniq_eustachio
D:5:      layout_cave_pools, overflow_temple_1_default,
          kiku_gazebo_garden_becter, minitemple, ebering_ghost_reflecting_pool
D:6:      wander_river, layout_cave_pools, nemelex_diamond_rough_becter,
          nicolae_gozag_zags_fifth_avenue, minmay_hollow_rounded_squares,
          uniq_edmund
Temple:   jpeg_temple_island

Skill      XL: |  1  2  3  4  5  6  7  8 |
---------------+-------------------------+-----
Shields        | 4 5 |  5.0
Armour         | 4 5 6 |  6.3
Fighting       | 4 5 6 7 |  7.9
Axes           | 3 4 6 8 9 |  9.1
Dodging        | 1 |  1.0
Stealth        | |  0.3

Action                   |  1- 3 |  4- 6 |  7- 9 || total
-------------------------+-------+-------+-------++-------
Melee: War axe           |    69 |   130 |    92 ||   291
       Headbutt          |     9 |    21 |    14 ||    44
  Use: Scroll            |       |     9 |       ||     9
       Potion            |       |     1 |       ||     1
Armor: Scale mail        |    24 |       |       ||    24
       Plate armour      |    24 |    81 |    67 ||   172
Dodge: Dodged            |    32 |    30 |    27 ||    89
Block: Buckler           |    23 |    26 |    27 ||    76
